 Dungeon Crawl Stone Soup version 0.27.1-35-g4d5d836560 (webtiles) character file.

Game seed: 469555040690841750

264 cbfl8 the Chopper (level 5, -2/46 HPs)
             Began as a Minotaur Delver on Mar 18, 2022.
             Slain by a mummy (13 damage)
             ... in an ossuary.
             The game lasted 00:03:03 (863 turns).

cbfl8 the Chopper (Minotaur Delver)                  Turns: 863, Time: 00:03:04

Health: -2/46      AC:  3    Str: 17    XL:     5   Next: 98%
Magic:  4/5        EV: 12    Int:  7    God:
Gold:   0          SH:  0    Dex: 12    Spells: 6/6 levels left

rFire    . . .     SeeInvis .   a - +0 hand axe
rCold    . . .     Faith    .   (no shield)
rNeg     . . .     Spirit   .   b - +0 leather armour
rPois    .         Reflect  .   (helmet restricted)
rElec    .         Harm     .   (no cloak)
rCorr    .         Rampage  .   (no gloves)
Will     .....                  (no boots)
Stlth    +++.......             (no amulet)
HPRegen  0.15/turn              (no ring)
MPRegen  0.09/turn              (no ring)

@: marked, unable to read
A: horns 2, retaliatory headbutt, claws 1, inability to read while threatened
a: no special abilities


You were in an ossuary.
You visited 1 branch of the dungeon, and saw 1 of its levels.
You also visited: Ossuary.

Inventory:

Hand Weapons
 a - a +0 hand axe (weapon)
Armour
 b - a +0 leather armour (worn)
Wands
 g - a wand of digging (3)
Scrolls
 c - a scroll of fog
 d - a scroll of blinking {unknown}
 e - 2 scrolls of fear
Potions
 f - a potion of haste


   Skills:
 + Level 4.2 Fighting
 + Level 2.6(2.9) Short Blades
 + Level 1.9(2.7) Long Blades
 + Level 5.9(6.3) Axes
 + Level 1.9(4.4) Maces & Flails
 + Level 1.9(4.4) Polearms
 + Level 1.9(2.7) Staves
 + Level 1.7(2.1) Slings
 + Level 1.7 Bows
 + Level 1.7 Crossbows
 + Level 1.5(1.9) Throwing
 + Level 1.3 Armour
 + Level 2.7 Dodging
 + Level 5.5 Stealth
 + Level 1.9 Shields
 + Level 1.7 Unarmed Combat
 + Level 1.0 Spellcasting
 + Level 1.4 Conjurations
 + Level 1.0 Hexes
 + Level 2.0 Summonings
 + Level 1.1 Necromancy
 + Level 1.1 Translocations
 + Level 1.2 Transmutations
 + Level 1.6 Fire Magic
 + Level 1.1 Ice Magic
 + Level 1.1 Air Magic
 + Level 1.2 Earth Magic
 + Level 1.1 Poison Magic
 + Level 1.3 Evocations


You had 6 spell levels left.
You didn't know any spells.
Your spell library contained the following spells:

 Spells                   Type           Power      Damage    Failure   Level
 Animate Skeleton         Necr           2%         N/A       32%         1
 Pain                     Necr           4%         1d4       32%         1
 Vampiric Draining        Necr           0%         2d6       67%         3


Dungeon Overview and Level Annotations

Branches:
Dungeon (5/15)             Temple (0/1) D:5         Ossuary (1/1)

Altars:


Innate Abilities, Weirdness & Mutations

You have a pair of horns on your head.
You reflexively headbutt those who attack you in melee.
You have sharp fingernails.
You sometimes lose the ability to read scrolls when taking damage.


Message History

Your Unarmed Combat skill increases to level 1!
Your Spellcasting skill increases to level 1!
Your Conjurations skill increases to level 1!
Your Hexes skill increases to level 1!
Your Summonings skill gained 2 levels and is now at level 2!
Your Necromancy skill increases to level 1!
Your Translocations skill increases to level 1!
Your Transmutations skill increases to level 1!
Your Fire Magic skill increases to level 1!
Your Ice Magic skill increases to level 1!
Your Air Magic skill increases to level 1!
Your Earth Magic skill increases to level 1!
Your Poison Magic skill increases to level 1!
Your Evocations skill increases to level 1!
You have reached level 5!
You hit the mummy.
The mummy is moderately damaged.
The mummy hits you!
* * * LOW HITPOINT WARNING * * *
There is a fountain of sparkling water here.
The mummy pulls the alarm!
The alarm trap emits a blaring wail!
A sentinel's mark forms upon you.
There is an open door here.
You close the door.
Okay, then.
What are your orders? t - Shout!
Orders for allies: a - Attack new target. r - Retreat! s - Stop attacking. g - Guard the area. f - Follow me.
Anything else - Cancel.
Okay, then.
It was a potion of mutation.
You feel extremely strange.
You lose the ability to read scrolls when threatened.
Your fingernails lengthen.
A mummy opens the door.
The mummy hits you!
You feel threatened and lose the ability to read scrolls!
You die...

##### ##.!!??## #...#
#!.!.!.?# M! #...#
####.#### ??! ##.## #.#
#.# ###.# ###'### #.#
#.'.## ##....^## ##.+
###..###.......###..#
#.'...#.........#...+
###...@M...⌠....'...###
#.'...#.........#...'.#
###..###.......###..###
#.'.## ##.....## ##.'.#
###.# ###'### #.### #^#
#.# #^# ?!? ##.## !?!
#!!!# #.∩.# #!.?# #####
#.∩.# #####


You could see a mummy.

Vanquished Creatures
  A centaur zombie (Ossuary)
  A centaur skeleton (D:5)
  A human zombie (Ossuary)
  3 mummies (Ossuary)
  3 gnoll zombies (Ossuary)
  A kobold zombie (Ossuary)
10 creatures vanquished.

Notes
Turn   | Place    | Note
-------+----------+-------------------------------------------
     0 | D:5      | cbfl8 the Minotaur Delver began the quest for the Orb.
     0 | D:5      | Reached XP level 1. HP: 19/19 MP: 0/0
    92 | D:5      | Noticed a sky beast
   104 | D:5      | Reached XP level 2. HP: 4/27 MP: 1/1
   104 | D:5      | Reached XP level 3. HP: 5/33 MP: 2/2
   353 | D:5      | Found a sand-covered staircase.
   357 | Ossuary  | Entered an ossuary
   582 | Ossuary  | Reached skill level 5 in Stealth
   582 | Ossuary  | Reached XP level 4. HP: 25/40 MP: 3/3
   767 | Ossuary  | Reached skill level 1 in Armour
   847 | Ossuary  | Reached skill level 1 in Long Blades
   847 | Ossuary  | Reached skill level 5 in Axes
   847 | Ossuary  | Reached skill level 1 in Maces & Flails
   847 | Ossuary  | Reached skill level 1 in Polearms
   847 | Ossuary  | Reached skill level 1 in Staves
   847 | Ossuary  | Reached skill level 1 in Slings
   847 | Ossuary  | Reached skill level 1 in Bows
   847 | Ossuary  | Reached skill level 1 in Crossbows
   847 | Ossuary  | Reached skill level 1 in Throwing
   847 | Ossuary  | Reached skill level 1 in Shields
   847 | Ossuary  | Reached skill level 1 in Unarmed Combat
   847 | Ossuary  | Reached skill level 1 in Spellcasting
   847 | Ossuary  | Reached skill level 1 in Conjurations
   847 | Ossuary  | Reached skill level 1 in Hexes
   847 | Ossuary  | Reached skill level 1 in Necromancy
   847 | Ossuary  | Reached skill level 1 in Translocations
   847 | Ossuary  | Reached skill level 1 in Transmutations
   847 | Ossuary  | Reached skill level 1 in Fire Magic
   847 | Ossuary  | Reached skill level 1 in Ice Magic
   847 | Ossuary  | Reached skill level 1 in Air Magic
   847 | Ossuary  | Reached skill level 1 in Earth Magic
   847 | Ossuary  | Reached skill level 1 in Poison Magic
   847 | Ossuary  | Reached skill level 1 in Evocations
   847 | Ossuary  | Reached XP level 5. HP: 19/46 MP: 3/5
   862 | Ossuary  | Gained mutation: You sometimes lose the ability to read
                  | scrolls when taking damage. [potion of mutation]
   862 | Ossuary  | Gained mutation: You have sharp fingernails. [potion of
                  | mutation]
   863 | Ossuary  | Slain by a mummy

Illustrated notes

Levels and vault maps discovered:
D:5:      layout_basic, minmay_temple_entry_arrows, enter_ossuary_5, st_stairs_7
Ossuary:  ossuary_crypta

Skill      XL: |  1  2  3  4 |
---------------+-------------+-----
Fighting       | 4 |  4.2
Stealth        | 5 |  5.5
Axes           | 5 |  5.9
Armour         | 1 |  1.3
Short Blades   | 2 |  2.6
Long Blades    | 1 |  1.9
Maces & Flails | 1 |  1.9
Polearms       | 1 |  1.9
Staves         | 1 |  1.9
Slings         | 1 |  1.7
Bows           | 1 |  1.7
Crossbows      | 1 |  1.7
Throwing       | 1 |  1.5
Shields        | 1 |  1.9
Unarmed Combat | 1 |  1.7
Spellcasting   | 1 |  1.0
Conjurations   | 1 |  1.4
Hexes          | 1 |  1.0
Summonings     | 2 |  2.0
Necromancy     | 1 |  1.1
Translocations | 1 |  1.1
Transmutations | 1 |  1.2
Fire Magic     | 1 |  1.6
Ice Magic      | 1 |  1.1
Air Magic      | 1 |  1.1
Earth Magic    | 1 |  1.2
Poison Magic   | 1 |  1.1
Evocations     | 1 |  1.3
Dodging        | |  2.7

Action                   |  1- 3 |  4- 6 || total
-------------------------+-------+-------++-------
Melee: Hand axe          |    26 |    33 ||    59
       Headbutt          |     8 |     9 ||    17
  Use: Scroll            |     1 |       ||     1
       Potion            |       |     2 ||     2
 Stab: Sleeping          |     2 |     3 ||     5
Armor: Leather armour    |    10 |     2 ||    12
Dodge: Dodged            |    15 |    28 ||    43
